 Dungeon Crawl Stone Soup version 0.21.1-1-g345015f (webtiles) character file.

91 aMcNicky the Skirmisher (level 4, 0/49 HPs)
             Began as an Ogre Fighter on Mar 12, 2018.
             Slain by Natasha (5 damage)
             ... on level 2 of the Dungeon.
             The game lasted 00:06:29 (2021 turns).

aMcNicky the Skirmisher (Ogre Fighter)              Turns: 2021, Time: 00:06:30

Health: 0/49       AC:  3    Str: 21    XL:     4   Next: 57%
Magic:  4/4        EV:  8    Int:  9    God:
Gold:   98         SH:  8    Dex:  8    Spells: 3/3 levels left

rFire    . . .     SeeInvis .   a - +0 flail
rCold    . . .     Gourm    .   c - +0 shield
rNeg     . . .     Faith    .   b - +0 robe
rPois    .         Spirit   .   (helmet restricted)
rElec    .         Reflect  .   (no cloak)
rCorr    .         Harm     .   (gloves unavailable)
MR       .....                  (boots unavailable)
Stlth    +.........             (no amulet)
HPRegen  0.16/turn              (no ring)
MPRegen  0.09/turn              (no ring)

@: no status effects
A: large, unfitting armour, tough skin 1
a: no special abilities


You were on level 2 of the Dungeon.
You were hungry.

You visited 1 branch of the dungeon, and saw 2 of its levels.

You collected 98 gold pieces.

Inventory:

Hand Weapons
 a - a +0 flail (weapon)
Missiles
 i - 2 throwing nets (quivered)
Armour
 b - a +0 robe (worn)
 c - a +0 shield (worn)
Jewellery
 h - an uncursed ring of see invisible {unknown}
 k - a +2 ring of evasion {unknown}
Scrolls
 e - 2 scrolls of teleportation
 j - 2 scrolls of remove curse {unknown}
 l - 2 scrolls of identify {unknown}
 m - 2 scrolls of fear {unknown}
 o - a scroll of enchant weapon {unknown}
 p - a scroll of noise {unknown}
Potions
 d - a potion of invisibility {unknown}
 g - a potion of haste {unknown}
 n - 2 potions of lignification {unknown}
Comestibles
 f - 6 rations


   Skills:
 + Level 4.9 Fighting
 * Level 3.2 Maces & Flails
 - Level 2.6 Dodging
 + Level 3.2 Shields


You had 3 spell levels left.
You didn't know any spells.

Dungeon Overview and Level Annotations

Branches:
Dungeon (2/15)

Altars:

Annotations:
D:2 Natasha


Innate Abilities, Weirdness & Mutations

You are too large for most types of armour.
You have tough skin. (AC +1)


Message History

You block the iron imp's attack.
You closely miss Natasha. Natasha barely misses you. The iron imp hits you.
* * * LOW HITPOINT WARNING * * *
You sock Natasha!
Natasha is heavily wounded.
Natasha claws you.
* * * LOW HITPOINT WARNING * * *
You block the iron imp's attack. Natasha barely misses you.
Your shield prevents you from hitting Natasha.
Natasha is heavily wounded.
The iron imp closely misses you. Natasha claws you.
* * * LOW HITPOINT WARNING * * *
You hit Natasha.
Natasha is severely wounded.
You block Natasha's attack. The iron imp hits you.
* * * LOW HITPOINT WARNING * * *
You closely miss Natasha.
Natasha is severely wounded.
Natasha claws you.
You die...

.#..#.# #.# #.##÷#
.##.#.# #.# #.##.#
.##...# #.# #.##.#
.##...# #.# #.##.#
......# #.# #.##.#
####..# #.# #.##.#
##.# #.# #.##.#
#.###########.###.##.#
#..(.......5@.....##.#
#>.........h..######.#
#....................#
#.............########
#.............#
#...÷.........#
#####.............#
......(........##.#
#####.#.######.##.#


You could see an iron imp and Natasha.

Vanquished Creatures
  Natasha (twice) (D:2)
  An adder (D:2)
  A dart slug (D:1)
  A leopard gecko (D:2)
  3 hobgoblins
  A quokka (D:2)
  3 bats
  4 frilled lizards
  7 goblins
  3 kobolds
  6 rats
32 creatures vanquished.

Notes
Turn   | Place    | Note
-------+----------+-------------------------------------------
     0 | D:1      | aMcNicky the Ogre Fighter began the quest for the Orb.
     0 | D:1      | Reached XP level 1. HP: 24/24 MP: 1/1
   233 | D:1      | Reached XP level 2. HP: 29/32 MP: 2/2
   881 | D:2      | Reached XP level 3. HP: 40/40 MP: 3/3
  1165 | D:2      | Noticed Natasha
  1178 | D:2      | Killed Natasha
  1178 | D:2      | Reached XP level 4. HP: 24/49 MP: 4/4
  1602 | D:2      | Noticed Natasha
  1614 | D:2      | Killed Natasha
  2008 | D:2      | Noticed Natasha
  2021 | D:2      | Slain by Natasha

Skill      XL: |  1  2  3 |
---------------+----------+-----
Maces & Flails | 2 3 |  3.2
Shields        | 3 |  3.2
Fighting       | |  4.9
Dodging        | |  2.6

Action                   |  1- 3 |  4- 6 || total
-------------------------+-------+-------++-------
Melee: Flail             |    87 |    31 ||   118
  Use: Scroll            |     1 |       ||     1
       Potion            |     2 |       ||     2
  Eat: Chunk             |     1 |     2 ||     3
Armor: Robe              |    40 |     4 ||    44
Dodge: Dodged            |    32 |    10 ||    42
Block: Shield            |    43 |    12 ||    55
